 Dungeon Crawl Stone Soup version 0.25-a0-310-g60f0ac2d9a (webtiles) character file.

Game seed: 3177927185726718833, levelgen mode: classic

1321 Borgoz the Covered (level 8, -17/69 HPs)
             Began as a Gargoyle Berserker on Dec 24, 2019.
             Was a Priest of Trog.
             Demolished by an orc warrior
             ... wielding a +0 battleaxe
              (23 damage)
             ... on level 6 of the Dungeon.
             The game lasted 00:05:45 (4389 turns).

Borgoz the Covered (Gargoyle Berserker)             Turns: 4389, Time: 00:05:45

Health: -17/69     AC: 10    Str: 27    XL:     8   Next: 59%
Magic:  8/8        EV: 14    Int:  7    God:    Trog [***...]
Gold:   344        SH:  0    Dex: 11    Spells: 7/7 levels left

rFire    . . .     SeeInvis .   a - +0 hand axe
rCold    + . .     Gourm    .   (no shield)
rNeg     + + .     Faith    .   r - +0 animal skin
rPois    ∞         Spirit   .   (no helmet)
rElec    +         Reflect  .   (no cloak)
rCorr    .         Harm     .   k - +0 pair of gloves
MR       ++...                  v - +0 pair of boots (curse)
Stlth    ..........             (no amulet)
HPRegen  1.21/turn              i - ring of positive energy
MPRegen  0.11/turn              o - ring of protection from cold

@: berserking, regenerating, very quick
A: negative energy resistance 1, electricity resistance, unbreathing,
petrification resistance, rot immunity, AC +5
a: Berserk, Trog's Hand, Renounce Religion


You were on level 6 of the Dungeon.
You worshipped Trog.
Trog was most pleased with you.
You were near starving.

You visited 1 branch of the dungeon, and saw 6 of its levels.

You collected 344 gold pieces.

Inventory:

Hand Weapons
 a - a +0 hand axe (weapon)
 b - a +0 war axe
Armour
 k - a +0 pair of gloves (worn)
 r - a +0 animal skin (worn)
 v - a cursed +0 pair of boots (worn)
Jewellery
 i - a ring of positive energy (left hand)
 o - a ring of protection from cold (right hand)
Wands
 y - a wand of flame (17)
Scrolls
 e - 8 scrolls of remove curse {unknown}
 f - a scroll of enchant weapon {unknown}
 h - 6 scrolls of identify {unknown}
 j - a scroll of noise {unknown}
 q - 3 scrolls of enchant armour {unknown}
 s - 2 scrolls of fog {unknown}
 u - a scroll of magic mapping {unknown}
Potions
 d - 3 potions of cancellation {unknown}
 g - 3 potions of degeneration {unknown}
 l - a potion of brilliance {unknown}
 m - 6 potions of curing {unknown}
 n - 2 potions of berserk rage {unknown}
 p - 2 potions of lignification {unknown}
 t - 2 potions of flight {unknown}
 w - a potion of haste {unknown}
 x - 2 potions of might {unknown}
Comestibles
 c - 5 rations
 z - 7 chunks of flesh


   Skills:
 - Level 3.2 Fighting
 + Level 6.0 Axes
 + Level 6.7 Armour
 + Level 5.1 Dodging


You had 7 spell levels left.
You didn't know any spells.
Your spell library was empty.

Dungeon Overview and Level Annotations

Branches:
Dungeon (6/15)
 Temple: D:4-7

Altars:
Ashenzari
Dithmenos
Fedhas
Gozag
Makhleb
Nemelex Xobeh
Qazlal
Ru
Sif Muna
Xom
Zin


Innate Abilities, Weirdness & Mutations

You are resistant to torment.
Your stone body is resilient. (AC +5)
You are immune to poison.
You resist negative energy. (rN+)
You are resistant to electric shocks. (rElec)
You can survive without breathing.
You are immune to petrification.
You are immune to rotting.


Message History

The wight is severely damaged.
You hit the orc. You hit the orc warrior. You closely miss the orc priest.
The orc warrior hits you with a +0 battleaxe!
* * * LOW HITPOINT WARNING * * *
The wight closely misses you. The orc hits you but does no damage.
The orc priest barely misses you.
You hit the wight.
You destroy the wight!
Trog accepts your kill.
Your Axes skill increases to level 6!
You slash the orc priest!
You hit the orc warrior but do no damage.
You hit the orc.
You kill the orc!
Trog accepts your kill.
You barely miss the orc priest.
The orc priest is severely wounded.
You closely miss the orc warrior.
The orc warrior hits you with a +0 battleaxe!!
You die...

#.. #..## #+###...##
....# .........##
###....# ..........##
##....... ...........#
##........ ......)o...#
#......... ......[@).%#
#......... ......).o..#
##......... ...........#
#....÷..... ..........##
#..<....... ..........#
##..........
.........####...###.....
.........###...## ######
........##....##
.......#).....#


You could see an orc warrior and an orc priest.

Vanquished Creatures
  Grinder (D:5)
  Eustachio (D:4)
  Menkaure (D:5)
  An ice beast (D:5)
  A centaur (D:5)
  A bullfrog (D:6)
  2 scorpions
  4 wights (D:6)
  A howler monkey (D:4)
  A crimson imp (D:5)
  An orc priest (D:4)
  An orc wizard (D:6)
  An iguana (D:5)
  2 worker ants
  2 adders
  5 gnolls
  A howler monkey skeleton (D:5)
  A shadow imp (D:5)
  2 oozes
  3 adder skeletons
  2 worms (D:2)
  4 leopard geckos
  12 orcs
  A ball python (D:1)
  11 bats
  8 giant cockroaches
  5 hobgoblins
  3 quokkas
  2 frilled lizards
  7 goblins
  5 kobolds
  A leopard gecko zombie (D:5)
  7 rats
101 creatures vanquished.

Vanquished Creatures (others)
  3 plants (D:4)
3 creatures vanquished.

Grand Total: 104 creatures vanquished

Notes
Turn   | Place    | Note
-------+----------+-------------------------------------------
     0 | D:1      | Borgoz the Gargoyle Berserker began the quest for the Orb.
     0 | D:1      | Reached XP level 1. HP: 14/14 MP: 1/1
   331 | D:1      | Reached XP level 2. HP: 19/19 MP: 2/2
  1043 | D:2      | Reached XP level 3. HP: 22/23 MP: 3/3
  1491 | D:2      | Reached ** piety under Trog
  1618 | D:2      | Found a sacrificial altar of Ru.
  1749 | D:2      | Found a burning altar of Makhleb.
  1751 | D:2      | Found a sparkling altar of Nemelex Xobeh.
  2135 | D:3      | Found a shattered altar of Ashenzari.
  2143 | D:3      | Reached XP level 4. HP: 25/28 MP: 4/4
  2248 | D:3      | Found an opulent altar of Gozag.
  2560 | D:3      | Found a shimmering altar of Xom.
  2760 | D:4      | Noticed Eustachio
  2771 | D:4      | Reached XP level 5. HP: 25/32 MP: 5/5
  2781 | D:4      | Killed Eustachio
  2781 | D:4      | Reached XP level 6. HP: 12/37 MP: 6/6
  3408 | D:5      | Entered Level 5 of the Dungeon
  3418 | D:5      | Found a stormy altar of Qazlal.
  3419 | D:5      | Found a blossoming altar of Fedhas.
  3425 | D:5      | Reached *** piety under Trog
  3459 | D:5      | Found a shadowy altar of Dithmenos.
  3481 | D:5      | Reached XP level 7. HP: 37/41 MP: 7/7
  3481 | D:5      | Reached skill level 5 in Armour
  3673 | D:5      | Found a glowing silver altar of Zin.
  3846 | D:5      | Noticed Menkaure
  3857 | D:5      | Killed Menkaure
  3857 | D:5      | Reached skill level 5 in Axes
  3918 | D:5      | Noticed Grinder
  3919 | D:5      | Paralysed by Grinder for 3 turns
  3929 | D:5      | Killed Grinder
  3929 | D:5      | Reached XP level 8. HP: 46/46 MP: 8/8
  4076 | D:5      | Found a shimmering blue altar of Sif Muna.
  4383 | D:6      | Reached skill level 5 in Dodging
  4389 | D:6      | Demolished by an orc warrior

Levels and vault maps discovered:
D:1:      evilmike_arrival_hilbert_curve, layout_loops_ring, moated_statue,
          serial_park_tiny_1
D:2:      layout_rooms, nicolae_overflow_crystal_walls,
          chequers_temple_overflow_statue_of_worship, serial_co_window_serial,
          co_window_of_opportunity_a, co_window_corner_a, co_window_paths_b,
          co_window_paths_b, co_window_corner_a, co_window_broadway_c,
          co_window_2corner, co_window_corner_b, co_window_of_opportunity_b,
          co_window_unsneaky_path_c, co_window_broadway_c,
          co_window_of_opportunity_b, co_window_4corner_b, glass_columns_b,
          glass_columns_a, glass_columns_a, glass_columns_b, first_ration
D:3:      layout_rooms, ashenzari_conservatory_becter, tgw_xom,
          grunt_gozag_statues
D:4:      layout_rooms, serial_bayou_lake_a, uniq_eustachio
D:5:      layout_loops_ring, grunt_temple_overflow_forces_of_nature,
          led_sif_pool, zin_academy, minmay_crystal_water,
          nicolae_dithmenos_shadow_blocks, uniq_grinder, uniq_menkaure
D:6:      layout_cave_pods, lemuel_doored_altar, uniq_edmund, uniq_duvessa

Skill      XL: |  1  2  3  4  5  6  7  8 |
---------------+-------------------------+-----
Axes           | 3 4 5 6 |  6.0
Dodging        | 2 3 4 5 |  5.1
Armour         | 3 4 6 |  6.7
Fighting       | |  3.2

Action                   |  1- 3 |  4- 6 |  7- 9 || total
-------------------------+-------+-------+-------++-------
Melee: Hand axe          |   141 |   187 |   149 ||   477
Invok: Berserk           |       |     3 |     4 ||     7
       Trog's Hand       |       |     2 |     2 ||     4
  Eat: Chunk             |     4 |     7 |     4 ||    15
       Ration            |       |       |     1 ||     1
Armor: Animal skin       |    53 |    57 |    57 ||   167
Dodge: Dodged            |   126 |   109 |   105 ||   340

Table legend:
 A = Non-vault XP
 B = Vault XP
 C = Vault XP percentage of total XP
 D = Non-vault monster count
 E = Vault monster count
 F = Vault count percentage of total count
                 A         B        C        D         E       F
            +---------+---------+-------+---------+---------+-------
      Total |    1219 |     669 |  35.4 |      97 |       4 |   4.0
            +---------+---------+-------+---------+---------+-------
        D:1 |      26 |       0 |   0.0 |      13 |       0 |   0.0
        D:2 |      54 |       0 |   0.0 |      23 |       0 |   0.0
        D:3 |      51 |      14 |  21.5 |      21 |       1 |   4.5
        D:4 |     238 |     196 |  45.2 |      12 |       1 |   7.7
        D:5 |     436 |     459 |  51.3 |      15 |       2 |  11.8
        D:6 |     414 |       0 |   0.0 |      13 |       0 |   0.0
            +---------+---------+-------+---------+---------+-------
